 Dungeon Crawl Stone Soup version 0.31-a0-995-g04711c9635 (webtiles) character file.

Game seed: 2805375058186388332

1231 Dirtsage the Chopper (level 8, -22/71 HPs)
             Began as a Minotaur Fighter on Nov 6, 2023.
             Annihilated by an ogre
             ... wielding a +0 giant club
              (27 damage)
             ... on level 5 of the Dungeon.
             The game lasted 00:06:51 (3849 turns).

Dirtsage the Chopper (Minotaur Fighter)             Turns: 3849, Time: 00:06:51

Health: -22/71     AC:  5    Str: 24    XL:     8   Next: 24%
Magic:  7/7        EV: 10    Int:  3    God:
Gold:   215        SH:  5    Dex: 13    Spells: 7/7 levels left

rFire   . . .        a - +0 war axe
rCold   . . .        c - +0 buckler
rNeg    . . .        u - +2 leather armour of the Old World {Int-2 Dex+4 Slay+5}
rPois   .            (helmet restricted)
rElec   .            (no cloak)
rCorr   .            (no gloves)
SInv    +            (no boots)
Will    +....        m - amulet of the acrobat
Stlth   +            S - ring of see invisible
HPRegen 0.31/turn    e - ring of willpower
MPRegen 0.10/turn

%: acrobat
@: no status effects
A: horns 2, retaliatory headbutt
a: no special abilities


You were on level 5 of the Dungeon.
You visited 1 branch of the dungeon, and saw 5 of its levels.

You collected 215 gold pieces.

Inventory:

Hand Weapons
 a - a +0 war axe (weapon)
Armour
 b - a +0 scale mail
 c - a +0 buckler (worn)
 f - +0 storm dragon scales
 u - the +2 leather armour of the Old World (worn) {Int-2 Dex+4 Slay+5}
   (You found it on level 5 of the Dungeon)

   Int-2:     It affects your intelligence (-2).
   Dex+4:     It affects your dexterity (+4).
   Slay+5:    It affects your accuracy & damage with ranged weapons and melee
   (+5).
Jewellery
 e - a ring of willpower (right hand)
 m - an amulet of the acrobat (around neck)
 F - a ring of protection from fire
 S - a ring of see invisible (left hand)
Wands
 r - a wand of flame (13)
Scrolls
 g - a scroll of fear
 i - a scroll of silence {unknown}
 k - a scroll of vulnerability
 o - a scroll of enchant weapon
 p - 2 scrolls of enchant armour
 s - a scroll of immolation
 t - 4 scrolls of teleportation
Potions
 d - a potion of lignification {unknown}
 h - 2 potions of invisibility {unknown}
 j - a potion of brilliance {unknown}
 l - 2 potions of heal wounds {unknown}
 n - 2 potions of cancellation {unknown}
 q - a potion of curing
 v - a potion of enlightenment {unknown}


   Skills:
 + Level 6.4 Fighting
 * Level 7.9 Axes
 + Level 6.4 Armour
 + Level 6.3 Shields


You had 7 spell levels left.
You didn't know any spells.
Your spell library contained the following spells:

 Spells                   Type           Power      Damage    Failure   Level
 Summon Small Mammal      Summ           0%         N/A       63%         1
 Call Canine Familiar     Summ           0%         N/A       94%         3
 Summon Guardian Golem    Hex/Summ       0%         N/A       94%         3


Dungeon Overview and Level Annotations

Branches:
Dungeon (5/15)
 Temple: D:4-7

Altars:

Annotations:
D:5 1 runed translucent door, DEFE's ghost, novice DsWn


Innate Abilities, Weirdness & Mutations

You have a pair of horns on your head.
You reflexively headbutt those who attack you in melee.


Message History

An orc comes into view. It is wielding a +0 trident.
You are too injured to fight recklessly!
You are too injured to fight recklessly!
Things that are here:
a +0 flail; a +0 scale mail An orc wizard comes into view.
It is wielding a +0 dagger.
The orc priest shouts!
The orc wizard shouts!
The orc completely misses you. The orc closely misses you.
You closely miss the orc. The orc hits you with a +0 trident.
You take 4 damage, and have 23/71 hp.
You slash the orc!
You kill the orc!
You hit the orc priest.
The orc priest invokes the aid of Beogh against you.
You resist with some effort.
You hit the orc priest. You headbutt the orc priest.
The orc priest is almost dead.
The orc priest hits you but does no damage.
You slice the orc priest!!
You kill the orc priest!
You slash the orc wizard! The orc wizard closely misses you.
You furiously retaliate!
You headbutt the orc wizard!
You kill the orc wizard!
Items here: )) [[ ††.
An ogre opens the door.
It is wielding a +0 giant club.
You regained 3 hp, and now have 27/71 hp.
You close the door.
An ogre opens the door.
The ogre shouts!
You barely miss the ogre.
The ogre hits you with a +0 giant club!!
* * * LOW HITPOINT WARNING * * *
You take 23 damage, and have 4/71 hp.
MASSIVE DAMAGE!!
You barely miss the ogre. The ogre barely misses you.
You slash the ogre!
The ogre is heavily wounded.
You hit the ogre.
The ogre is severely wounded.
The ogre hits you with a +0 giant club!!
You die...

#.# #.# ### ...
.>. ..## #.#
.######.#. ..#
........#.###.#
........#.#.#.#
#.....))#.#...#
#......@O.).#.#
#.......###.#.#
#######.....#.#
#######)#####.#
#....)..# #.#
#....)†)# ##.#
#...)...# #..#
#......<# #.##
#.......# #.#


You could see an ogre.

Vanquished Creatures
  Sigmund (D:2)
  Eustachio (D:4)
  Edmund (D:4)
  3 ogres
  2 howler monkeys
  3 orc priests (D:5)
  2 hounds
  A sleepcap (D:5)
  A jelly (D:5)
  Jessica (D:2)
  5 orc wizards (D:5)
  Robin (D:4)
  3 adders
  A worm (D:2)
  2 dart slugs
  11 orcs
  6 ball pythons
  10 endoplasms
  4 giant cockroaches
  11 goblins
  19 hobgoblins
  2 jackals (D:3)
  10 kobolds
  3 quokkas
  8 bats
  A frilled lizard (D:3)
  4 rats
117 creatures vanquished.

Notes
Turn   | Place    | Note
-------+----------+-------------------------------------------
     0 | D:1      | Dirtsage the Minotaur Fighter began the quest for the Orb.
     0 | D:1      | Reached XP level 1. HP: 19/19 MP: 0/0
   263 | D:1      | Reached XP level 2. HP: 27/27 MP: 1/1
   310 | D:1      | Reached skill level 3 in Axes
   725 | D:2      | Reached XP level 3. HP: 31/33 MP: 2/2
   934 | D:2      | Noticed Jessica
   949 | D:2      | Killed Jessica
   950 | D:2      | Reached XP level 4. HP: 19/40 MP: 3/3
  1159 | D:2      | Reached skill level 4 in Axes
  1215 | D:2      | Noticed Sigmund
  1221 | D:2      | Killed Sigmund
  1222 | D:2      | Reached skill level 5 in Axes
  1222 | D:2      | Reached XP level 5. HP: 44/47 MP: 4/4
  1907 | D:3      | Reached XP level 6. HP: 55/55 MP: 5/5
  2037 | D:4      | Reached skill level 5 in Fighting
  2037 | D:4      | Reached skill level 5 in Armour
  2037 | D:4      | Reached skill level 5 in Shields
  2262 | D:4      | Noticed Edmund
  2271 | D:4      | Killed Edmund
  2505 | D:4      | Noticed Eustachio
  2555 | D:4      | Killed Eustachio
  2556 | D:4      | Reached skill level 6 in Axes
  2556 | D:4      | Reached XP level 7. HP: 17/61 MP: 6/6
  2884 | D:4      | Noticed Robin
  2897 | D:4      | Killed Robin
  3306 | D:5      | Entered Level 5 of the Dungeon
  3311 | D:5      | Identified the +2 leather armour of the Old World {Int-2
                  | Dex+4 Slay+5}
  3402 | D:5      | Reached skill level 7 in Axes
  3586 | D:5      | Noticed DEFE's ghost (novice DsWn)
  3591 | D:5      | Found a runed translucent door.
  3681 | D:5      | Reached XP level 8. HP: 70/70 MP: 7/7
  3849 | D:5      | Annihilated by an ogre

Illustrated notes

Levels and vault maps discovered:
D:1:      lightli_arrival_isolated_outpost, layout_loops_ring,
          minmay_pentomino_t4
D:2:      layout_rooms, serial_glass, glass_columns_b, glass_columns_a,
          glass_columns_a, glass_columns_a, glass_columns_a, glass_columns_a,
          glass_columns_c, glass_columns_c, feat_on_display, feat_on_display,
          grunt_ministairs_6, kennysheep_flooded_box, guppyfry_early_orc_mine,
          uniq_jessica, uniq_sigmund
D:3:      layout_basic
D:4:      layout_basic, serial_aquarium, aquarium_bridge_square
          [aquarium_subvault_wall, aquarium_subvault_bridge,
          aquarium_subvault_bridge, aquarium_subvault_window],
          aquarium_bridge_square [aquarium_subvault_bridge,
          aquarium_subvault_bridge, aquarium_subvault_window,
          aquarium_subvault_wall], aquarium_window_2, aquarium_window_1,
          aquarium_window_corner, aquarium_window_2, aquarium_view_2e,
          aquarium_balcony_5b, hangedman_minor_gate_pass, uniq_robin,
          uniq_edmund, uniq_eustachio
D:5:      layout_basic, hellmonk_ghost_happy_afterlife

Skill      XL: |  1  2  3  4  5  6  7 |
---------------+----------------------+-----
Axes           | 3 5 6 7 |  7.9
Fighting       | 4 5 6 |  6.4
Armour         | 4 5 6 |  6.4
Shields        | 4 5 6 |  6.3

Action                     |  1- 3 |  4- 6 |  7- 9 || total
---------------------------+-------+-------+-------++-------
  Melee: War axe           |    88 |   106 |    87 ||   281
         Headbutt          |     6 |    13 |    11 ||    30
  Evoke: Wand              |       |     7 |       ||     7
    Use: Potion            |     1 |     4 |       ||     5
         Scroll            |       |     8 |       ||     8
   Stab: Sleeping          |       |       |     1 ||     1
 Armour: Scale mail        |    40 |       |       ||    40
         Storm dragon scal |    51 |    98 |    41 ||   190
         Leather armour    |       |       |    34 ||    34
  Dodge: Dodged            |    38 |    60 |    41 ||   139
  Block: Buckler           |    18 |    23 |    20 ||    61

Table legend: (Time is in decaauts)
 A = Elapsed time spent in this place.
 B = Non-inter-level travel time spent in this place.
 C = Inter-level travel time spent in this place.
 D = Time resting spent in this place.
 E = Time spent auto-exploring this place.
 F = Levels seen in this place.
 G = Mean time per level.
                   A        B        C        D        E       F      G
               +--------+--------+--------+--------+--------+-----+--------+
         Total |   3927 |   3853 |     74 |    220 |   2952 |   5 |  785.4 |
       Dungeon |   3927 |   3853 |     74 |    220 |   2952 |   5 |  785.4 |
               +--------+--------+--------+--------+--------+-----+--------+

Top non-repeatable levels by time:
     D:4: 1297 daAuts
     D:2: 790 daAuts
     D:1: 742 daAuts
     D:5: 551 daAuts
     D:3: 544 daAuts
